 Dungeon Crawl Stone Soup version 0.24-a0-584-g9d6b971ae4 (webtiles) character file.

Game seed: 8097656583293967575, levelgen mode: deterministic

76 Mithandil the Skirmisher (level 4, -5/35 HPs)
             Began as a Demonspawn Abyssal Knight on Sept 6, 2019.
             Was a Believer of Lugonu.
             Engulfed by a cloud of flame (15 damage)
             ... on level 3 of the Dungeon.
             The game lasted 00:07:02 (1228 turns).

Mithandil the Skirmisher (DsAK)                     Turns: 1228, Time: 00:07:02

Health: -5/35      AC:  5    Str: 13    XL:     4   Next: 12%
Magic:  6/6        EV:  5    Int: 14    God:    Lugonu [**....]
Gold:   59         SH: 10    Dex: 12    Spells: 3/3 levels left

rFire    . . .     SeeInvis .   a - +0 dagger (drain)
rCold    . . .     Gourm    .   e - +0 large shield
rNeg     . . .     Faith    .   h - +0 ring mail
rPois    +         Spirit   .   (helmet restricted)
rElec    .         Reflect  .   (no cloak)
rCorr    .         Harm     .   (no gloves)
MR       .....                  (no boots)
Stlth    ..........             (no amulet)
HPRegen  0.11/turn              k - ring of poison resistance
MPRegen  0.10/turn              (no ring)

@: drained
A: antennae 1, hooves 1
a: Depart the Abyss, Bend Space, Renounce Religion


You were on level 3 of the Dungeon.
You worshipped Lugonu.
Lugonu was pleased with you.
You were not hungry.

You visited 1 branch of the dungeon, and saw 3 of its levels.
You visited the Abyss 1 time.

You collected 59 gold pieces.

Inventory:

Hand Weapons
 a - a +0 dagger of draining (weapon)
 b - a +1 falchion
Missiles
 j - 12 stones (quivered)
 p - 13 poisoned darts
 r - 14 sling bullets
Armour
 e - a +0 large shield (worn)
 h - a +0 ring mail (worn)
Jewellery
 k - a ring of poison resistance (left hand)
 m - an uncursed ring of ice
Scrolls
 d - a scroll of amnesia {unknown}
 f - a scroll of noise {unknown}
 i - a scroll of remove curse {unknown}
 l - a scroll of immolation {unknown}
 n - a scroll of enchant armour {unknown}
 o - a scroll of blinking {unknown}
 s - a scroll of identify {unknown}
Potions
 q - a potion of haste {unknown}
Comestibles
 c - a ration
 g - 6 chunks of flesh


   Skills:
 * Level 3.4(2.9) Fighting
 + Level 0.2(0.7) Short Blades
 + Level 2.0(1.4) Long Blades
 + Level 2.1(1.6) Armour
 + Level 1.4(0.8) Dodging
 + Level 0.7(0.2) Stealth
 * Level 1.5(0.9) Shields
 + Level 3.0(2.4) Invocations


You had 3 spell levels left.
You didn't know any spells.
Your spell library contained the following spells:

 Spells                   Type           Power        Failure   Level  Hunger
 Beastly Appendage        Tmut           #.....       100%        1    ##.....
 Sticks to Snakes         Tmut           #.......     100%        2    ###....
 Spider Form              Tmut/Pois      #.........   100%        3    ####...
 Ice Form                 Ice/Tmut       #.......     100%        4    #####..
 Blade Hands              Tmut           #.........   100%        5    ######.


Dungeon Overview and Level Annotations

Branches:
Dungeon (3/15)

Altars:
Vehumet


Innate Abilities, Weirdness & Mutations

You have a pair of small antennae on your head.
You have large cloven feet.


Message History

You block the rat's attack. The rat bites you but does no damage.
You see here a hound corpse.
You hit the rat. You kick the rat.
You kill the rat!
Lugonu accepts your kill.
You butcher the hound corpse.
g - 7 chunks of flesh (gained 2)
You see here a hound skeleton.
You start resting.
Eating one of 7 chunks of flesh.
You eat one of the 7 chunks of flesh.
This raw flesh tastes terrible.
HP restored.
You are engulfed in blazing flames.
Ouch! That really hurt!
* * * LOW HITPOINT WARNING * * *
You see here a book of Changes.
You pick up a book of Changes and begin reading...
You add the spells Beastly Appendage, Sticks to Snakes, Spider Form, Ice Form and Blade Hands to your library.
You are engulfed in blazing flames.
You die...

#######
####...[.#
#..<°..§§#
#.#..._☼.#
#..#.§.☼.##..
##.#.@.......
#÷......#...
#.....#..........
#................
#..#######.......
## ##..... .#...
####.


There were no monsters in sight!

Vanquished Creatures
  A hound (D:3)
  An adder (D:2)
  2 oozes
  A dart slug (D:2)
  2 leopard geckos (D:1)
  2 giant cockroaches
  8 goblins
  4 hobgoblins
  2 jackals (D:1)
  7 bats
  4 frilled lizards (D:1)
  4 kobolds
  8 rats
46 creatures vanquished.

Notes
Turn   | Place    | Note
-------+----------+-------------------------------------------
     0 | Abyss:1  | Mithandil the Demonspawn Abyssal Knight began the quest for
                  | the Orb.
     0 | Abyss:1  | Reached XP level 1. HP: 18/18 MP: 2/2
    63 | Abyss:1  | Noticed a raiju
    78 | Abyss:1  | Noticed a wretched star
    79 | D:1      | Escaped the Abyss
   142 | D:1      | Reached * piety under Lugonu
   142 | D:1      | Reached skill level 1 in Dodging
   147 | D:1      | Gained mutation: You have large cloven feet. [demonic
                  | ancestry]
   147 | D:1      | Reached XP level 2. HP: 14/24 MP: 3/3
   367 | D:1      | Reached skill level 1 in Shields
   604 | D:1      | Reached XP level 3. HP: 22/29 MP: 5/5
   828 | D:1      | Reached ** piety under Lugonu
  1059 | D:2      | Gained mutation: You have a pair of small antennae on your
                  | head. [demonic ancestry]
  1059 | D:2      | Reached XP level 4. HP: 24/35 MP: 6/6
  1077 | D:3      | Found a radiant altar of Vehumet.
  1228 | D:3      | Engulfed by a cloud of flame

Levels and vault maps discovered:
D:1:      mrwooster_arrival_statue_3, layout_basic, kennysheep_small_spiral,
          hangedman_decor_growths
D:2:      layout_loops_cross
D:3:      layout_rooms, fiery_altar_vehumet, kennysheep_generic_room_12

Skill      XL: |  1  2  3  4 |
---------------+-------------+-----
Dodging        | 1 |  1.4
Shields        | 1 |  1.5
Armour         | 2 |  2.1
Long Blades    | 2 |  2.0
Invocations    | 3 |  3.0
Fighting       | |  3.4
Short Blades   | |  0.2
Stealth        | |  0.7

Action                   |  1- 3 |  4- 6 || total
-------------------------+-------+-------++-------
Melee: Falchion          |    61 |       ||    61
       Kick              |    21 |     2 ||    23
       Dagger            |    60 |     8 ||    68
Invok: Depart the Abyss  |     1 |       ||     1
  Use: Potion            |     1 |       ||     1
  Eat: Chunk             |       |     1 ||     1
Armor: Leather armour    |    15 |       ||    15
       Ring mail         |    48 |     5 ||    53
Dodge: Dodged            |    32 |     2 ||    34
Block: Large shield      |    83 |     8 ||    91
       Rpst.: Falchion   |     2 |       ||     2

Table legend:
 A = Non-vault XP
 B = Vault XP
 C = Vault XP percentage of total XP
 D = Non-vault monster count
 E = Vault monster count
 F = Vault count percentage of total count
                 A         B        C        D         E       F
            +---------+---------+-------+---------+---------+-------
      Total |     109 |       0 |   0.0 |      46 |       0 |   0.0
            +---------+---------+-------+---------+---------+-------
        D:1 |      65 |       0 |   0.0 |      35 |       0 |   0.0
        D:2 |      33 |       0 |   0.0 |       8 |       0 |   0.0
        D:3 |      11 |       0 |   0.0 |       3 |       0 |   0.0
            +---------+---------+-------+---------+---------+-------
